 Dungeon Crawl Stone Soup version 0.19.5 (webtiles) character file.

620135 GordonOverkill the Conqueror (level 27, -4/199 HPs)
             Began as a Kobold Berserker on June 8, 2017.
             Was a High Priest of Trog.
             Killed from afar by an orb of fire (20 damage)
             ... with a bolt of fire
             ... on level 5 of the Realm of Zot on June 26, 2017.
             The game lasted 03:39:42 (98118 turns).

GordonOverkill the Conqueror (Kobold Berserker)    Turns: 98118, Time: 03:39:42

Health: -4/199     AC: 44    Str: 28    XL:     27
Magic:  0/10       EV: 31    Int:  5    God:    Trog [*****.]
Gold:   2069       SH: 17    Dex: 17    Spells: 0 memorised, 26 levels left

rFire  + + .     SeeInvis +     b - +9 rapier (antimagic)
rCold  + + +     Gourm    .     T - +10 gold dragon scales
rNeg   . . .     Faith    .     g - +0 shield {reflect}
rPois  +         Spirit   +     v - +2 helmet {SInv}
rElec  +         Reflect  +     P - +2 cloak {rPois}
rCorr  .         Harm     .     u - +3 pair of gloves of the Iron City of Dis {rElec rC++ Int-3 Stlth+}
MR     ++...                    B - +0 pair of boots
Stlth  ++........               K - amulet "Ahuqecaf" {Spirit rF+ Str+3}
                                l - +5 ring of evasion
                                D - +5 ring of evasion

@: exhausted, slowed, drained, very slow
A: carnivore 3, mutation resistance 1, shaggy fur 1
a: Berserk, Trog's Hand, Brothers in Arms, Burn Spellbooks, Renounce Religion
}: 3/15 runes: barnacled, silver, gossamer


You were on level 5 of the Realm of Zot.
You worshipped Trog.
Trog was extremely pleased with you.
You were very full.

You visited 8 branches of the dungeon, and saw 46 of its levels.
You also visited: Labyrinth, Sewer, Bailey and Ice Cave.

You collected 6389 gold pieces.
You spent 4320 gold pieces at shops.

Inventory:

Hand Weapons
 a - a +9 quick blade of venom
 b - a +9 antimagic rapier (weapon)
 q - the +5 pair of quick blades "Gyre" and "Gimble" {pierce, Dex-3}
   (You bought it in a shop on level 12 of the Dungeon)

   It inflicts extra damage upon your enemies.
   It affects your dexterity (-3).
 J - a +8 rapier of venom
Missiles
 H - 5 throwing nets (quivered)
Armour
 g - a +0 shield of reflection (worn)
 u - the +3 pair of gloves of the Iron City of Dis (worn) {rElec rC++ Int-3 Stlth+}
   (You found it on level 3 of the Vaults)

   It affects your intelligence (-3).
   It greatly protects you from cold.
   It insulates you from electricity.
   It makes you more stealthy.
 v - a +2 helmet of see invisible (worn)
 B - a +0 pair of boots (worn)
 P - a +2 cloak of poison resistance (worn)
 T - +10 gold dragon scales (worn)
Jewellery
 l - a +5 ring of evasion (right hand)
 D - a +5 ring of evasion (left hand)
 K - the amulet "Ahuqecaf" (around neck) {Spirit rF+ Str+3}
   (You took it off an ironheart preserver on level 5 of the Vaults)

   [amulet of guardian spirit]

   It causes incoming damage to be split between your health and magic.
   It affects your strength (+3).
   It protects you from fire.
Wands
 d - a wand of hasting (3/9)
 f - a wand of teleportation (5/9)
 i - a wand of heal wounds (4/9)
 r - a wand of teleportation (7/9)
 A - a wand of disintegration (6/24)
 N - a wand of digging (13/24)
 W - a wand of teleportation (6/9)
Scrolls
 k - a scroll of summoning
 m - 3 scrolls of silence
 p - 28 scrolls of remove curse
 w - 3 scrolls of fear
 y - 10 scrolls of teleportation
 C - 5 scrolls of fog
 L - 4 scrolls of identify
 O - 5 scrolls of recharging
 Q - a scroll of holy word
Potions
 h - 9 potions of might
 n - a potion of cure mutation
 o - 4 potions of flight
 s - a potion of ambrosia
 x - 2 potions of resistance
 z - 11 potions of curing
 E - 7 potions of agility
 G - 4 potions of haste
 I - 3 potions of cancellation
 S - 3 potions of invisibility
 X - 5 potions of berserk rage
Comestibles
 c - 26 meat rations
 e - a slice of pizza
 t - 8 beef jerkies
 M - 3 chunks of flesh
 R - 16 royal jellies
 V - 2 inedible chunks of flesh


   Skills:
 O Level 27(26.2) Fighting
 - Level 17.0(16.4) Short Blades
 - Level 1.6(1.2) Throwing
 - Level 15.0(14.4) Armour
 - Level 23.0(22.4) Dodging
 - Level 23.3(22.6) Stealth
 * Level 18.3(17.7) Shields
 - Level 10.1(9.7) Evocations


You had 26 spell levels left.
You didn't know any spells.

Dungeon Overview and Level Annotations

Branches:
Dungeon (15/15)            Temple (0/1) D:5            Lair (6/6) D:9
 Shoals (4/4) Lair:4       Spider (4/4) Lair:4          Orc (2/2) D:10
    Elf (0/3) Orc:2        Vaults (5/5) D:14          Crypt (0/3) Vaults:2
 Depths (5/5) D:15            Zot (5/5) Depths:5
  Slime: Lair:5-6

Altars:
Dithmenos
Fedhas
Gozag
Hepliaklqana
Kikubaaqudgha
Okawaru
Qazlal
Ru
Sif Muna
Xom
Yredelemnul

Shops:
D:3 *   D:7 ?   D:12 (*   D:14 *   Orc:2 %!(:   Vaults:4 !   Depths:5 (

Portals:
Hell: Depths:1 Depths:2 Depths:3 Depths:4 Depths:5
Abyss: Depths:1 Depths:2 Depths:3 Depths:4
Pandemonium: Depths:3
Ziggurat: Depths:1

Annotations:
Lair:6 exclusion: 2 oklob plants
Spider:2 1 exclusion
Zot:5 1 exclusion


Innate Abilities, Weirdness & Mutations

You are small and have problems with some larger weapons.
You are carnivorous and can eat meat at any time.
You are somewhat resistant to further mutation.
You are covered in fur. (AC +1)


Message History

The bolt of fire hits you! You resist.
* * * LOW HITPOINT WARNING * * *
Your troll rages.
The orb of fire emits a lurid red light.
The fireball explodes!
The fireball engulfs you! You resist.
* * * LOW HITPOINT WARNING * * *
The fireball engulfs your troll.
The fireball engulfs your two-headed ogre.
Your two-headed ogre dies!
Your two-headed ogre's corpse disappears in a puff of smoke!
The fireball engulfs the orb of fire.
The orb of fire completely resists.
You hear a roar!
Your troll barely misses the orb of fire.
Your troll claws the orb of fire but does no damage.
Your troll barely misses the orb of fire.
You block the shadow dragon's attack.
The shadow dragon claws you but does no damage. x2
The orb of fire emits a lurid red light.
The bolt of fire hits you! You resist.
You die...

,,**,,,* #.#.#D..).....⌠...
,,,,,,,* ##z###.#...########.
,,,,,,,* ##.# #.#....########.
,,,,,*** #.###.##.<...........
,,**** #.#z#.##....#...#####. ,,*
#.###.###...##...# #. ,,* #.#
##.##...###### #.
,,*******######*#D######*******#.
,,,,,,,,.......T@.......,,,,,,,..
,,,,,,,,................,,,,,,...
,,,,,,,,⌠...............,,,,,....
********################****####.
***,,,,,,,,,,,,,,,,,,,,,,,,,,,,,.
,,,,,,,,,,,,,,,,,,,,,,,,,,,,,,,,⌠
,,,,,,,,,,,,,,,,,,,,,,,,,,,,,,,,.
***********,,,****,,,,**,,,**,,,#
***** **,,,*******,,,*


You could see an orb of fire, a shadow dragon and a friendly troll (berserk).

Vanquished Creatures
  An ancient lich (Vaults:5)
  2 orbs of fire (Zot:4)
  Mennas (Vaults:4)
  A juggernaut (Depths:5)
  3 greater mummies (Depths:4)
  Boris (Vaults:4)
  Margery (Depths:4)
  Saint Roka (Vaults:1)
  2 curse toes
  Xtahua (Depths:4)
  8 golden dragons
  Jory (Vaults:4)
  5 electric golems
  Rupert (Orc:2)
  18 tentacled monstrosities
  8 liches
  4 titans
  4 quicksilver dragons
  An Orb Guardian (Zot:5)
  10 death cobs
  8 sphinxes
  4 shadow dragons
  Donald (Spider:3)
  9 storm dragons
  5 tengu reavers
  16 draconian monks
  13 fire giants
  Ilsuiw (Shoals:3)
  10 frost giants
  7 draconian scorchers
  4 ghost moths
  An orc warlord (Bailey)
  4 draconian knights
  6 emperor scorpions
  4 iron dragons
  5 draconian shifters
  28 vault wardens
  A spriggan defender (Depths:3)
  A deep elf elementalist (Depths:5)
  4 draconian zealots
  9 draconian annihilators
  The ghost of Azzok the Crack Shot, a journeyman CeFi of Okawaru (D:12)
  3 war gargoyles
  A reaper (Depths:3)
  21 ironheart preservers
  25 very ugly things
  A deep elf demonologist (Vaults:2)
  4 draconian callers
  17 stone giants
  19 green draconians
  4 entropy weavers
  9 mottled draconians
  A deep elf annihilator (Vaults:2)
  9 purple draconians
  5 spark wasps
  A mottled draconian (shapeshifter) (D:13)
  17 red draconians
  14 white draconians
  8 black draconians
  10 yellow draconians
  17 ettins
  A minotaur (Lab)
  6 merfolk javelineers
  11 crystal guardians (Depths:2)
  2 deep elf death magi
  Snorg (Orc:2)
  14 fire dragons
  4 mummy priests (Depths:4)
  15 merfolk impalers
  5 great orbs of eyes
  26 yaktaur captains
  2 deep elf high priests (Vaults:5)
  10 rakshasas
  29 vault guards
  14 hydras
  12 centaur warriors
  A hell beast (Depths:1)
  An alligator snapping turtle (Shoals:2)
  3 spriggan air magi
  An alligator snapping turtle (shapeshifter) (Depths:2)
  A catoblepas (Lair:4)
  3 merfolk aquamancers
  The ghost of Azzok the Archer, a novice CeFi of Okawaru (D:9)
  5 ice dragons
  2 death knights
  5 death yaks
  7 deep troll shamans
  2 merfolk avatars
  8 death scarabs (Spider:4)
  A vampire mage (D:15)
  8 tengu warriors
  14 ogre magi
  An orc high priest (Orc:2)
  3 satyrs
  16 deep troll earth magi
  6 deep elf knights
  A hell hog (shapeshifter) (Depths:3)
  10 spriggan berserkers
  2 shock serpents (shapeshifter)
  A soul eater (Depths:3)
  An iron troll (Depths:5)
  5 spriggans
  2 skeletal warriors (D:15)
  2 storm dragon skeletons
  7 hell knights
  6 sea snakes
  An unseen horror (D:15)
  6 death drakes
  45 deep trolls
  An unseen horror (shapeshifter) (Depths:1)
  3 hill giants
  A swamp dragon (shapeshifter) (Vaults:4)
  7 deep elf archers
  A flayed ghost (Depths:1)
  6 wizards
  3 spectral wolf spiders (Spider:4)
  An orange crystal statue (Depths:2)
  A harpy (shapeshifter) (Vaults:5)
  15 ironbrand convokers
  A phantasmal warrior (Vaults:1)
  Pikel (D:5)
  22 harpies
  A sphinx zombie (Vaults:4)
  7 lindwurms
  7 necromancers
  2 wolf spider zombies
  An orc sorcerer (Vaults:1)
  22 orc knights
  30 wolf spiders
  An iron dragon zombie (D:15)
  2 mana vipers (shapeshifter)
  13 orb spiders
  14 deep elf magi
  59 ugly things
  A cyclops (shapeshifter) (Vaults:3)
  A frost giant zombie (Depths:1)
  13 fauns
  3 fire giant zombies
  A manticore (shapeshifter) (Vaults:1)
  32 moths of wrath
  A moth of wrath (shapeshifter) (Depths:1)
  A human skeleton (Vaults:2)
  2 salamanders
  12 manticores
  A fire giant skeleton (D:15)
  7 cyclopes
  6 elephants
  A guardian serpent (Lair:6)
  20 vault sentinels
  An ice statue (IceCv)
  9 sirens
  A rust devil (Depths:1)
  17 black mambas
  A frost giant skeleton (D:15)
  A centaur zombie (D:13)
  2 water nymphs
  7 torpor snails
  A gargoyle (D:14)
  17 spiny frogs
  A kobold demonologist (D:13)
  3 centaur skeletons
  5 komodo dragons
  4 rime drakes (Lair:5)
  5 spectral redbacks (Spider:4)
  A rime drake (shapeshifter) (Vaults:3)
  A komodo dragon (shapeshifter) (Depths:3)
  70 yaktaurs
  2 guardian mummies (Depths:4)
  A redback zombie (Spider:4)
  11 freezing wraiths
  An ice devil (Depths:4)
  10 demonic crawlers
  19 polar bears
  44 jumping spiders
  5 trolls
  2 queen bees (shapeshifter)
  6 wind drakes
  34 merfolk
  3 tyrant leeches (Lair:6)
  A queen bee (D:11)
  A tengu simulacrum (Depths:1)
  3 meliai (Spider:3)
  A shadow dragon simulacrum (Vaults:4)
  A sphinx simulacrum (Vaults:3)
  Prince Ribbit (D:5)
  6 spectral jumping spiders (Spider:4)
  2 two-headed ogres (shapeshifter)
  29 two-headed ogres
  30 slime creatures
  2 spectral tarantellas (Spider:4)
  14 hippogriffs
  27 blink frogs
  A blink frog (shapeshifter) (Vaults:5)
  2 raiju (shapeshifter)
  13 dream sheep
  A hornet (shapeshifter) (Vaults:2)
  29 hornets
  A fire dragon zombie (Depths:1)
  An ice dragon zombie (D:15)
  12 snapping turtles
  An ettin zombie (Vaults:2)
  60 redbacks
  Sigmund (D:4)
  4 air elementals
  34 tarantellas
  25 water elementals
  2 spriggans (shapeshifter)
  2 wraiths
  9 wyverns
  3 shadows
  37 yaks
  A basilisk (shapeshifter) (Vaults:1)
  A wyvern (shapeshifter) (Vaults:5)
  A yak (shapeshifter) (Depths:2)
  A human (shapeshifter) (Depths:1)
  12 hungry ghosts
  A human (D:12)
  2 basilisks
  4 vampire mosquitoes (D:14)
  4 mottled dragons
  Menkaure (D:4)
  6 wargs
  A soldier ant (shapeshifter) (Vaults:3)
  Edmund (D:4)
  A hell hound (Depths:1)
  23 water moccasins
  11 porcupines
  2 floating eyes (shapeshifter)
  A soldier ant (D:10)
  2 swamp drakes (Depths:5)
  6 sky beasts
  A slave (D:5)
  3 black bears
  66 orc warriors
  An ice beast (shapeshifter) (Depths:3)
  2 ice beasts
  2 hornet zombies
  2 necrophages
  22 wolves
  59 ogres
  2 phantoms
  8 boggarts
  A wolf (shapeshifter) (Vaults:5)
  6 crocodiles
  34 centaurs
  8 big kobolds
  30 bullfrogs
  A gnoll sergeant (D:8)
  4 earth elementals
  2 glowing shapeshifter simulacra (Vaults:2)
  4 scorpions
  37 killer bees
  2 human simulacra (Vaults:2)
  A howler monkey (D:11)
  5 electric eels
  7 crimson imps
  6 hounds
  A quasit (D:10)
  2 bullfrog zombies
  3 bullfrog skeletons
  3 jellies
  13 orc priests
  3 iguanas
  23 worker ants
  Natasha (twice) (D:4)
  25 orc wizards
  A killer bee zombie (D:10)
  A hound skeleton (D:5)
  A mummy (Depths:4)
  3 worker ant zombies
  14 gnolls
  27 adders
  7 river rats
  3 shadow imps
  2 worms
  A dart slug (D:1)
  8 leopard geckos
  129 orcs
  A ball python (D:4)
  12 bats
  16 giant cockroaches
  19 hobgoblins
  6 jackals
  36 kobolds
  2 quokkas
  4 frilled lizards
  29 goblins
  A jackal zombie (D:6)
  11 rats
  3 plants
2507 creatures vanquished.

Vanquished Creatures (collateral kills)
  A curse toe (Zot:4)
  A storm dragon (Zot:2)
  A tengu reaver (D:13)
  An orc warlord (D:13)
  Nessos (Orc:2)
  2 ettins
  A fire dragon (Depths:3)
  2 catoblepae (D:13)
  A satyr (Shoals:3)
  A sea snake (Shoals:3)
  A deep elf archer (Vaults:4)
  2 moths of wrath (Zot:2)
  A vault sentinel (Vaults:4)
  A smoke demon (Depths:3)
  2 sirens (Shoals:3)
  A red devil (Depths:3)
  A tengu conjurer (Depths:3)
  2 merfolk (Shoals:4)
  A spectral tarantella (Spider:4)
  A snapping turtle (Shoals:4)
  A water elemental (Depths:3)
  A wyvern (D:14)
  A vampire (D:13)
  A ynoxinul (Depths:3)
  A warg (shapeshifter) (D:13)
  A spectral hornet (Spider:4)
  A swamp drake (Depths:5)
  4 centaurs
  An orc (Orc:2)
37 creatures vanquished.

Vanquished Creatures (others)
  A ghost moth (Zot:3)
  An ogre mage (Depths:1)
  A merfolk aquamancer (Shoals:3)
  A deep troll (Depths:5)
  A yaktaur (Vaults:3)
  A two-headed ogre (Vaults:5)
  An ogre (Vaults:4)
  2 wolves (IceCv)
  A bullfrog zombie (D:5)
  An orc priest (Vaults:1)
  2 orcs
  40 fungi
  75 plants
  16 tentacles (Shoals:2)
144 creatures vanquished.

Grand Total: 2688 creatures vanquished

Notes
Turn   | Place    | Note
-------+----------+-------------------------------------------
     0 | D:1      | GordonOverkill the Kobold Berserker began the quest for the Orb.
     0 | D:1      | Reached XP level 1. HP: 14/14 MP: 1/1
   250 | D:1      | Reached XP level 2. HP: 13/19 MP: 2/2
   885 | D:1      | Reached XP level 3. HP: 23/23 MP: 3/3
  1299 | D:2      | Found a hazy altar of Hepliaklqana.
  1328 | D:2      | You fall through a shaft for 2 floors!
  1365 | D:4      | Found a sacrificial altar of Ru.
  1368 | D:4      | Noticed a centaur
  1379 | D:4      | Killed a centaur
  1379 | D:4      | Reached skill level 5 in Short Blades
  1379 | D:4      | Reached skill level 1 in Throwing
  1379 | D:4      | Reached XP level 4. HP: 24/29 MP: 4/4
  1379 | D:4      | Reached XP level 5. HP: 27/33 MP: 5/5
  1836 | D:4      | Noticed Sigmund
  1966 | D:2      | Found a stormy altar of Qazlal.
  1966 | D:2      | Found a shadowy altar of Dithmenos.
  2246 | D:2      | Reached ** piety under Trog
  2743 | D:2      | Found a shimmering altar of Xom.
  3097 | D:3      | Reached XP level 6. HP: 36/38 MP: 6/6
  3173 | D:3      | Reached skill level 4 in Fighting
  3396 | D:3      | You fall through a shaft for 2 floors!
  3396 | D:5      | Entered Level 5 of the Dungeon
  3430 | D:5      | Noticed Prince Ribbit
  3440 | D:5      | Killed Prince Ribbit
  3440 | D:5      | Reached XP level 7. HP: 43/43 MP: 7/7
  3500 | D:5      | Noticed Pikel
  3515 | D:5      | Killed Pikel
  3515 | D:5      | Reached skill level 5 in Dodging
  3515 | D:5      | Reached XP level 8. HP: 48/48 MP: 8/8
  4040 | D:4      | Noticed Menkaure
  4040 | D:4      | Killed Sigmund
  4047 | D:4      | Killed Menkaure
  4047 | D:4      | Reached skill level 10 in Short Blades
  4317 | D:4      | Got a crystal battleaxe
  4452 | D:4      | Noticed Edmund
  4465 | D:4      | Killed Edmund
  4465 | D:4      | Reached XP level 9. HP: 52/52 MP: 9/9
  4477 | D:4      | Noticed Natasha
  4519 | D:4      | Killed Natasha
  4519 | D:4      | Reached *** piety under Trog
  4532 | D:4      | Noticed Natasha
  4540 | D:4      | Killed Natasha
  5184 | D:3      | Found Gozag's Platinum Reserve.
  5193 | D:3      | Found an opulent altar of Gozag.
  5365 | D:3      | Found a shadowy altar of Dithmenos.
  5650 | D:5      | Found a staircase to the Ecumenical Temple.
  5672 | D:5      | Reached skill level 1 in Shields
  6398 | D:6      | Found a glowing drain.
  6436 | Sewer    | Entered a sewer
  6605 | Sewer    | Got a distressingly furry scale mail
  6616 | Sewer    | Identified the +2 scale mail of Pozasm {Dex+2} (You found it in a sewer)
  6804 | D:6      | Reached **** piety under Trog
  7964 | D:7      | Noticed a two-headed ogre
  7970 | D:7      | Killed a two-headed ogre
  7977 | D:7      | Reached XP level 10. HP: 56/56 MP: 10/10
  8604 | D:7      | Found Qaal's Magic Scroll Emporium.
 10742 | D:9      | Found a staircase to the Lair.
 10915 | D:9      | Noticed Azzok's ghost (novice CeFi)
 10929 | D:9      | Killed Azzok's ghost
 10929 | D:9      | Reached skill level 15 in Short Blades
 10929 | D:9      | Reached skill level 5 in Shields
 10929 | D:9      | Reached XP level 11. HP: 53/61 MP: 11/11
 11590 | D:9      | Reached ***** piety under Trog
 12027 | D:10     | Entered Level 10 of the Dungeon
 12142 | D:10     | Found a staircase to the Orcish Mines.
 12588 | D:10     | Noticed a green ugly thing
 12606 | D:10     | Killed a green ugly thing
 12849 | D:10     | Noticed a purple ugly thing
 12860 | D:10     | Killed a purple ugly thing
 13188 | D:11     | Reached skill level 5 in Fighting
 13199 | D:11     | Found an iron altar of Okawaru.
 13454 | D:11     | Noticed a green ugly thing
 13487 | D:11     | Killed a green ugly thing
 13589 | D:11     | Noticed a hill giant
 13597 | D:11     | Killed a hill giant
 13597 | D:11     | Reached skill level 6 in Fighting
 13597 | D:11     | Reached XP level 12. HP: 71/71 MP: 12/12
 13831 | D:11     | Received a gift from Trog
 13871 | D:11     | Reached skill level 7 in Fighting
 14240 | D:11     | Reached skill level 8 in Fighting
 14497 | Lair:1   | Entered Level 1 of the Lair of Beasts
 15568 | Lair:2   | Noticed a four-headed hydra
 15570 | Lair:2   | Noticed a seven-headed hydra
 15573 | Lair:2   | Reached skill level 9 in Fighting
 15586 | Lair:1   | Killed a four-headed hydra
 16024 | Lair:2   | Reached skill level 10 in Fighting
 16196 | Lair:2   | Reached skill level 11 in Fighting
 16359 | Lair:2   | Found a blossoming altar of Fedhas.
 16697 | Lair:2   | Noticed an eight-headed hydra
 16703 | Lair:2   | Killed an eight-headed hydra
 16703 | Lair:2   | Reached XP level 13. HP: 85/85 MP: 13/13
 17273 | Lair:3   | Noticed a five-headed hydra
 17292 | Lair:3   | Killed a five-headed hydra
 17292 | Lair:3   | Reached skill level 12 in Fighting
 17292 | Lair:3   | Reached skill level 5 in Armour
 17663 | Lair:3   | Received a gift from Trog
 18356 | Lair:4   | Noticed an eight-headed hydra
 18363 | Lair:4   | Killed an eight-headed hydra
 18917 | Lair:4   | Found a hole to the Spider Nest.
 19013 | Lair:4   | Found a staircase to the Shoals.
 19138 | Lair:4   | Reached skill level 13 in Fighting
 19384 | Lair:4   | Noticed a catoblepas
 19389 | Lair:4   | Noticed a six-headed hydra
 19398 | Lair:4   | Killed a catoblepas
 19408 | Lair:4   | Killed a six-headed hydra
 19661 | Lair:4   | Noticed a six-headed hydra
 19673 | Lair:4   | Killed a six-headed hydra
 19980 | Lair:5   | Noticed a six-headed hydra
 19982 | Lair:5   | Noticed a five-headed hydra
 19982 | Lair:5   | Reached skill level 10 in Dodging
 19998 | Lair:5   | Killed a six-headed hydra
 20005 | Lair:5   | Killed a five-headed hydra
 20019 | Lair:5   | Reached XP level 14. HP: 94/94 MP: 14/14
 20494 | Lair:5   | Found an opulent altar of Gozag.
 22475 | Lair:6   | Entered Level 6 of the Lair of Beasts
 22608 | Lair:6   | Received a gift from Trog
 22945 | Lair:6   | Received a gift from Trog
 23361 | Lair:6   | Found a runed door.
 23755 | Lair:6   | Reached skill level 10 in Armour
 24262 | Lair:6   | Reached XP level 15. HP: 99/99 MP: 15/15
 24839 | Lair:6   | Reached skill level 14 in Fighting
 24951 | Lair:6   | Received a gift from Trog
 25421 | Lair:6   | Reached skill level 15 in Fighting
 25980 | Lair:6   | Reached ****** piety under Trog
 26816 | D:12     | Found a labyrinth entrance.
 26821 | Lab      | Entered a labyrinth
 27176 | D:12     | Found a flagged portal.
 27198 | Bailey   | Entered a bailey
 27537 | Bailey   | Noticed an orc warlord
 27783 | Bailey   | Killed an orc warlord
 27783 | Bailey   | Reached skill level 16 in Fighting
 28084 | D:12     | Noticed Azzok's ghost (journeyman CeFi)
 28103 | D:12     | Killed Azzok's ghost
 28427 | D:12     | Found Zimauche's General Store.
 28432 | D:12     | Bought a scroll of identify for 26 gold pieces
 28501 | D:12     | Found Wegidol's Weapon Shoppe.
 28509 | D:12     | Bought the +5 pair of quick blades "Gyre" and "Gimble" {pierce, Dex-3} for 482 gold pieces
 28747 | D:12     | Received a gift from Trog
 29161 | Orc:1    | Entered Level 1 of the Orcish Mines
 29387 | Orc:2    | Entered Level 2 of the Orcish Mines
 29387 | Orc:2    | Found Orialaik's Book Boutique.
 29387 | Orc:2    | Noticed Nessos
 29684 | Orc:2    | Killed Nessos
 29911 | Orc:2    | Found a frozen archway.
 29920 | IceCv    | Entered an ice cave
 29963 | IceCv    | Reached XP level 16. HP: 112/112 MP: 16/16
 30549 | IceCv    | Reached skill level 17 in Fighting
 31503 | IceCv    | Noticed a frost giant
 31521 | IceCv    | Killed a frost giant
 31652 | IceCv    | Got a polished scimitar
 31653 | IceCv    | Identified the cursed +0 scimitar "Weinuaf" {distort, rElec} (You found it in an ice cave)
 32222 | Orc:2    | Noticed Snorg
 32230 | Orc:1    | Received a gift from Trog
 32347 | Orc:2    | Noticed Rupert
 32352 | Orc:2    | Reached skill level 18 in Fighting
 32366 | Orc:2    | Killed Rupert
 32584 | Orc:2    | Found a staircase to the Elven Halls.
 32622 | Orc:2    | Killed Snorg
 33031 | Orc:2    | Found Etzetyl's Distillery.
 33031 | Orc:2    | Found Furgha Cehoq's Food Emporium.
 33033 | Orc:2    | Found Amadiokk's Food Shoppe.
 33035 | Orc:2    | Found Pisim's Antique Weapon Boutique.
 33047 | Orc:2    | Bought a scorched dagger for 168 gold pieces
 33049 | Orc:2    | Bought a potion of cure mutation for 375 gold pieces
 33049 | Orc:2    | Bought a potion of heal wounds for 75 gold pieces
 33049 | Orc:2    | Bought 2 potions of resistance for 300 gold pieces
 33049 | Orc:2    | Bought a potion of heal wounds for 75 gold pieces
 33049 | Orc:2    | Bought a potion of heal wounds for 75 gold pieces
 33051 | Orc:2    | Identified the +1 dagger of Zin's Scorn {holy, rElec rN+ Int+2 Dex-4 Stlth+} (You bought it in a shop on level 2 of the Orcish Mines)
 33457 | D:13     | Noticed a fire giant
 33463 | D:13     | Noticed a frost giant
 33471 | D:13     | Killed a fire giant
 33496 | D:13     | Killed a frost giant
 33505 | D:13     | Reached skill level 19 in Fighting
 33515 | D:13     | Noticed a tengu reaver
 33531 | D:13     | Killed a tengu reaver
 33838 | D:13     | Received a gift from Trog
 35171 | D:14     | Reached XP level 17. HP: 123/123 MP: 17/17
 35266 | D:14     | Found Ublosomujyt's Assorted Antiques.
 35359 | D:14     | Identified 2 scrolls of acquirement
 35391 | D:14     | Bought a scroll of identify for 58 gold pieces
 35391 | D:14     | Bought a scroll of fog for 58 gold pieces
 35391 | D:14     | Bought a potion of heal wounds for 145 gold pieces
 35391 | D:14     | Bought a bloodstained plate armour for 812 gold pieces
 35391 | D:14     | Bought a potion of haste for 290 gold pieces
 35391 | D:14     | Bought a scroll labeled LOK VARAANAERPH for 29 gold pieces
 35393 | D:14     | Identified the +3 plate armour of the Pink Corner {rPois rF+ rC+ rN+} (You bought it in a shop on level 14 of the Dungeon)
 35948 | D:13     | Received a gift from Trog
 36096 | D:14     | Reached skill level 20 in Fighting
 36398 | D:14     | Found a gate to the Vaults.
 36567 | D:15     | Entered Level 15 of the Dungeon
 36814 | D:15     | Found a basalt altar of Yredelemnul.
 36945 | D:15     | Found a staircase to the Depths.
 39130 | Spider:1 | Entered Level 1 of the Spider Nest
 39460 | Spider:1 | Reached skill level 1 in Evocations
 40187 | Spider:2 | Reached skill level 5 in Evocations
 41057 | Spider:3 | Noticed Donald
 41067 | Spider:3 | Killed Donald
 41107 | Spider:3 | Reached XP level 18. HP: 97/129 MP: 8/24
 41292 | Spider:3 | Received a gift from Trog
 41434 | Spider:3 | Reached skill level 10 in Evocations
 41987 | Spider:4 | Entered Level 4 of the Spider Nest
 42902 | Spider:4 | Received a gift from Trog
 44170 | Spider:4 | Reached skill level 15 in Dodging
 45118 | Spider:4 | Got a gossamer rune of Zot
 45183 | Spider:4 | Reached XP level 19. HP: 135/135 MP: 26/26
 45287 | Spider:4 | Received a gift from Trog
 46243 | Shoals:1 | Entered Level 1 of the Shoals
 47593 | Shoals:2 | HP: 3/135 [tentacle[a kraken] (14)]
 48966 | Shoals:3 | Received a gift from Trog
 49481 | Shoals:3 | Noticed Ilsuiw
 49510 | Shoals:3 | Killed Ilsuiw
 51215 | D:7      | Bought a scroll of enchant weapon for 120 gold pieces
 51215 | D:7      | Bought a scroll of silence for 120 gold pieces
 51215 | D:7      | Bought a scroll of fog for 32 gold pieces
 51215 | D:7      | Bought a scroll of enchant weapon for 120 gold pieces
 51215 | D:7      | Bought a scroll of identify for 32 gold pieces
 51215 | D:7      | Bought a scroll of enchant weapon for 120 gold pieces
 51215 | D:7      | Bought a scroll of identify for 32 gold pieces
 51215 | D:7      | Bought a scroll of identify for 32 gold pieces
 51215 | D:7      | Bought a scroll of enchant armour for 120 gold pieces
 52191 | Shoals:4 | Entered Level 4 of the Shoals
 52520 | Shoals:4 | Got a barnacled rune of Zot
 52621 | Shoals:4 | Reached XP level 20. HP: 140/140 MP: 27/27
 53370 | Shoals:4 | Received a gift from Trog
 55016 | Vaults:1 | Entered Level 1 of the Vaults
 55054 | Vaults:1 | Received a gift from Trog
 55162 | Vaults:1 | Got a slimy rapier
 55163 | Vaults:1 | Identified the +2 rapier of the Blind Eye {drain, rF- Int+2 Dex+2} (You found it on level 1 of the Vaults)
 55735 | Vaults:1 | Noticed Saint Roka
 55769 | Vaults:1 | Killed Saint Roka
 56228 | Vaults:1 | Received a gift from Trog
 57579 | Vaults:1 | Reached XP level 21. HP: 146/146 MP: 28/28
 58328 | Vaults:2 | Received a gift from Trog
 59805 | Vaults:2 | Found a staircase to the Crypt.
 59805 | Vaults:2 | Found an ancient bone altar of Kikubaaqudgha.
 59805 | Vaults:2 | Found a basalt altar of Yredelemnul.
 59902 | Vaults:2 | Received a gift from Trog
 60363 | Vaults:2 | Reached skill level 15 in Armour
 60486 | Vaults:3 | Got a pair of smoking gloves
 60487 | Vaults:3 | Identified the +3 pair of gloves of the Iron City of Dis {rElec rC++ Int-3 Stlth+} (You found it on level 3 of the Vaults)
 60517 | Vaults:3 | Reached skill level 1 in Stealth
 61230 | Vaults:3 | Reached skill level 5 in Stealth
 61758 | Vaults:3 | Reached XP level 22. HP: 142/153 MP: 29/29
 61859 | Vaults:3 | Received a gift from Trog
 62299 | Vaults:3 | Reached skill level 21 in Fighting
 63017 | Vaults:3 | Paralysed by a floating eye for 2 turns
 63296 | Vaults:4 | Gained mutation: You are covered in fur. (AC +1) [potion of beneficial mutation]
 63916 | Vaults:4 | Found Jyuh's Distillery.
 63921 | Vaults:4 | Bought a potion of beneficial mutation for 455 gold pieces
 63921 | Vaults:4 | Bought a potion of heal wounds for 65 gold pieces
 63921 | Vaults:4 | Bought a potion of invisibility for 104 gold pieces
 63923 | Vaults:4 | Gained mutation: You are somewhat resistant to further mutation. [potion of beneficial mutation]
 63927 | Vaults:4 | Noticed Boris
 63941 | Vaults:4 | Killed Boris
 63960 | Vaults:4 | Received a gift from Trog
 64588 | Vaults:4 | Noticed Jory
 64593 | Vaults:4 | Noticed Mennas
 64602 | Vaults:4 | Reached skill level 22 in Fighting
 64619 | Vaults:4 | Killed Jory
 64635 | Vaults:4 | Killed Mennas
 64635 | Vaults:4 | Reached skill level 10 in Stealth
 65452 | Vaults:4 | Reached XP level 23. HP: 102/163 MP: 30/30
 65939 | Depths:1 | Entered Level 1 of the Depths
 66335 | Depths:1 | Received a gift from Trog
 66863 | Depths:1 | Got a translucent iron ring
 67270 | Depths:1 | Found a gateway to Hell.
 67328 | Depths:1 | Found a gateway to a ziggurat.
 67648 | Depths:1 | Found a one-way gate to the infinite horrors of the Abyss.
 68086 | Depths:2 | Reached skill level 23 in Fighting
 68401 | Depths:2 | Identified the cursed ring "Qumara" {rF- Int+7 Dex-2 SInv} (You found it on level 1 of the Depths)
 68573 | Depths:2 | Received a gift from Trog
 69292 | Depths:2 | Paralysed by a great orb of eyes for 6 turns
 70487 | Depths:2 | Found a deep blue altar of Sif Muna.
 71265 | Depths:3 | Received a gift from Trog
 71740 | Depths:3 | Reached skill level 24 in Fighting
 71777 | Depths:3 | Reached XP level 24. HP: 173/173 MP: 30/30
 71810 | Depths:3 | Paralysed by a sphinx for 2 turns
 72390 | Depths:3 | Found a one-way gate leading to the halls of Pandemonium.
 72394 | Depths:3 | Identified the Tome of Destructive Heat
 72396 | Depths:3 | Received a gift from Trog
 72848 | Depths:4 | Noticed Margery
 72934 | Depths:4 | Killed Margery
 72934 | Depths:4 | Reached skill level 15 in Stealth
 74978 | Depths:4 | Noticed a greater mummy
 75000 | Depths:4 | Killed a greater mummy
 75333 | Depths:4 | Reached skill level 25 in Fighting
 75339 | Depths:4 | Noticed a greater mummy
 75355 | Depths:4 | Killed a greater mummy
 75450 | Depths:4 | Noticed a greater mummy
 75452 | Depths:4 | Killed a greater mummy
 75625 | Depths:4 | Noticed Xtahua
 75647 | Depths:4 | Killed Xtahua
 75816 | Depths:5 | Entered Level 5 of the Depths
 76242 | Depths:4 | Reached XP level 25. HP: 179/179 MP: 30/30
 76580 | Depths:4 | Received a gift from Trog
 77463 | Depths:5 | Found Eson's Antique Weapon Shoppe.
 78099 | Depths:5 | Reached skill level 26 in Fighting
 78368 | Depths:5 | Received a gift from Trog
 78742 | Depths:5 | Noticed a juggernaut
 78774 | Depths:5 | Killed a juggernaut
 78776 | Depths:5 | Received a gift from Trog
 79994 | Depths:5 | Reached XP level 26. HP: 192/192 MP: 30/30
 80708 | Depths:5 | Found a gate to the Realm of Zot.
 80869 | Depths:4 | Reached skill level 27 in Fighting
 81160 | Vaults:5 | Entered Level 5 of the Vaults
 81358 | Vaults:5 | Noticed an ancient lich
 81363 | Vaults:5 | Paralysed by an ancient lich for 3 turns
 81407 | Vaults:5 | Killed an ancient lich
 81770 | Vaults:5 | Got a wavering ivory ring
 81831 | Vaults:5 | Received a gift from Trog
 82160 | Vaults:5 | Identified the ring of Paap Cya {-Tele rF+ MR+++ Str+4 Dex-4} (You took it off a vault warden on level 5 of the Vaults)
 82189 | Vaults:5 | Got an ancient lead amulet
 82538 | Vaults:5 | Identified the amulet "Ahuqecaf" {Spirit rF+ Str+3} (You took it off an ironheart preserver on level 5 of the Vaults)
 82895 | Vaults:5 | Paralysed by a sphinx for 3 turns
 83034 | Vaults:5 | Received a gift from Trog
 83368 | Vaults:5 | Reached XP level 27. HP: 169/198 MP: 28/30
 84980 | Vaults:5 | Received a gift from Trog
 85141 | Vaults:5 | Got a pair of faintly glowing boots
 85142 | Vaults:5 | Identified the +0 pair of boots of Quybych {rN+ Int+6 Slay-2} (You found it on level 5 of the Vaults)
 85933 | Vaults:5 | Got a silver rune of Zot
 86396 | Zot:1    | Entered Level 1 of the Realm of Zot
 87381 | Depths:5 | Received a gift from Trog
 87834 | Depths:5 | Reached skill level 10 in Shields
 89885 | Zot:2    | Received a gift from Trog
 92898 | Zot:3    | Reached skill level 15 in Shields
 94162 | Zot:3    | Received a gift from Trog
 96223 | Zot:4    | Noticed an orb of fire
 96247 | Zot:4    | Killed an orb of fire
 97108 | Zot:4    | Noticed an orb of fire
 97150 | Zot:4    | Killed an orb of fire
 97740 | Zot:5    | Entered Level 5 of the Realm of Zot
 98083 | Zot:5    | Noticed an orb of fire
 98112 | Zot:5    | Noticed an ancient lich
 98118 | Zot:5    | Killed from afar by an orb of fire

Skill      XL: |  1  2  3  4  5  6  7  8  9 10 11 12 13 14 15 16 17 18 19 20 21 22 23 24 25 26 27 |
---------------+----------------------------------------------------------------------------------+-----
Short Blades   | 5 6 7 9 10 12 15 16 17 | 17.0
Throwing       | 1 |  1.6
Dodging        | 3 5 6 7 11 12 16 19 21 23 | 23.0
Fighting       | 4 6 11 13 16 19 20 22 24 25 26 27 | 27.0
Armour         | 2 3 4 6 10 11 13 15 | 15.0
Shields        | 3 5 7 18 | 18.3
Evocations     | 9 10 | 10.1
Stealth        | 5 11 14 16 18 22 23 | 23.3

Action                   |  1- 3 |  4- 6 |  7- 9 | 10-12 | 13-15 | 16-18 | 19-21 | 22-24 | 25-27 || total
-------------------------+-------+-------+-------+-------+-------+-------+-------+-------+-------++-------
Melee: Short sword       |    54 |    98 |       |       |       |       |       |       |       ||   152
       Dagger            |       |    80 |   454 |   235 |       |   153 |       |       |       ||   922
       Rapier            |       |       |       |   709 |  1497 |       |    76 |       |  2281 ||  4563
       Pair of quick bla |       |       |       |       |   132 |  2075 |  2714 |  3053 |  2448 || 10422
       Quick blade       |       |       |       |       |       |       |       |       |   874 ||   874
Throw: Stone             |    44 |     3 |       |     2 |       |       |       |       |       ||    49
Invok: Berserk           |     2 |     4 |    12 |    26 |    27 |    23 |    16 |    18 |    30 ||   158
       Trog's Hand       |       |       |       |     1 |       |     3 |    10 |     8 |    14 ||    36
       Burn Spellbooks   |       |       |       |       |     3 |     3 |     4 |     5 |     8 ||    23
       Brothers in Arms  |       |       |       |       |     2 |     7 |     8 |     4 |    10 ||    31
 Abil: Evoke Flight      |       |       |       |       |       |       |    11 |       |       ||    11
Evoke: Wand              |       |       |     1 |     1 |     3 |     5 |     3 |     5 |    20 ||    38
  Use: Scroll            |       |       |    15 |     7 |    12 |    20 |    10 |    12 |    26 ||   102
       Potion            |       |       |       |       |       |     6 |     5 |    11 |     4 ||    26
 Stab: Petrified         |       |       |       |       |     2 |       |       |       |       ||     2
       Petrifying        |       |       |       |       |     1 |       |       |       |       ||     1
       Held in net/web   |       |       |       |       |       |       |     2 |       |       ||     2
       Distracted        |       |       |       |       |       |       |       |     3 |    10 ||    13
       Sleeping          |       |       |       |       |       |       |       |     4 |     5 ||     9
       Confused          |       |       |       |       |       |       |       |       |     1 ||     1
  Eat: Chunk             |     9 |    12 |    25 |    57 |    63 |    72 |    79 |    65 |   111 ||   493
       Beef jerky        |       |       |       |       |     4 |       |       |       |       ||     4
       Royal jelly       |       |       |       |       |     1 |     3 |     3 |       |       ||     7
Armor: Animal skin       |     8 |       |       |       |       |       |       |       |       ||     8
       Chain mail        |       |    72 |    74 |       |       |       |       |       |       ||   146
       Scale mail        |       |       |    22 |    90 |       |       |       |       |       ||   112
       Plate armour      |       |       |       |    83 |   392 |   565 |   452 |   418 |   589 ||  2499
       Gold dragon scale |       |       |       |       |       |       |       |       |   479 ||   479
Dodge: Dodged            |    56 |    91 |   145 |   336 |   791 |  1302 |  1580 |  1631 |  3221 ||  9153
Block: Buckler           |       |       |       |   136 |   322 |       |       |       |       ||   458
       Other             |       |       |       |       |       |       |       |     5 |    49 ||    54
       Reflection        |       |       |       |       |       |       |       |       |    19 ||    19
       Shield            |       |       |       |       |       |       |       |       |  1374 ||  1374
